Map: Dusk Towers

Players

Damrud - Winner!

  • Race: Zerg Zerg
  • League: Master

Miszu

  • Race: Terran Terran
  • League: Master

VOD

Have the link to the VOD?

Description

Time

  • Played on: April 23, 2016, 1:08 p.m.
  • Length: 5:19
Show
View Real Time Build Order
Export as new Build Order

Damrud Zerg - Winner!

Build Orders: Hatch First, Roach Nydus 

Get SALT Encoding   

  12  0:01  Drone  
  13  0:13  Overlord  
  13  0:18  Drone  
  14  0:31  Drone x2  
  16  0:36  Drone  
  17  0:52  Hatchery  
  17  0:54  Drone  
  17  0:59  Drone  
  18  1:09  Extractor  
  17  1:14  Spawning Pool  
  17  1:15  Drone  
  17  1:19  Drone  
  18  1:29  Drone  
  19  1:40  Overlord  
  19  2:01  Zergling x2, Queen  
  21  2:02  Zergling x2  
  21  2:04  Queen  
  21  2:06  Drone  
  26  2:13  Drone  
  27  2:18  Drone  
  28  2:23  Drone  
  28  2:29  Drone  
  30  2:34  Drone  
  30  2:44  Lair  
  30  2:46  Queen  
  30  2:49  Extractor  
  30  2:50  Drone x2  
  30  2:51  Roach Warren, Drone  
  33  3:03  Overlord  
  33  3:06  Drone x2  
  35  3:22  Queen  
  37  3:42  Nydus Network  
  37  3:43  Roach x4  
  44  3:48  Overlord x2  
  44  4:06  Queen  
  44  4:07  Overlord  
  44  4:09  Zergling x8  
  50  4:14  Queen  
  52  4:20  Nydus Canal  
  52  4:25  Roach  
  52  4:26  Zergling x2  
  52  4:30  Roach  
  57  4:32  Roach  
  59  4:45  Roach x2  
  63  4:51  Roach  
  62  4:59  Roach x2  
  65  5:01  Ravager  
Show
View Real Time Build Order
Export as new Build Order

Miszu Terran 

Build Orders: Liberator Opening, Reaper Expand 

Get SALT Encoding   

  12  0:01  SCV  
  13  0:13  SCV  
  14  0:18  Supply Depot  
  14  0:25  SCV  
  15  0:40  SCV  
  15  0:41  Barracks  
  16  0:43  Refinery  
  16  0:52  SCV  
  17  1:04  SCV  
  18  1:16  SCV  
  19  1:28  Orbital Command  
  19  1:29  Reaper  
  20  1:39  Command Center  
  20  1:47  Supply Depot  
  20  1:54  Refinery  
  20  1:55  SCV  
  21  2:03  Marine  
  21  2:07  SCV  
  23  2:12  Factory  
  23  2:19  SCV  
  23  2:21  Barracks Reactor  
  24  2:31  SCV  
  25  2:43  SCV  
  25  2:51  Orbital Command  
  25  2:55  SCV  
  25  2:56  Starport, Factory Tech Lab  
  25  2:57  Marine x2  
  28  3:07  SCV  
  29  3:14  Siege Tank  
  29  3:15  Marine x2  
  29  3:17  Liberator  
  34  3:20  SCV x2  
  36  3:32  SCV x2  
  36  3:33  Marine  
  39  3:41  Marine  
  42  3:44  SCV x2  
  45  3:53  Supply Depot  
  45  3:56  Command Center, SCV  
  45  4:00  Liberator  
  46  4:08  Barracks x2  
  46  4:14  SCV x2  
  48  4:19  Refinery  
  51  4:26  SCV x2  
  51  4:28  Supply Depot  
  53  4:32  Supply Depot  
  53  4:36  Refinery  
  53  4:38  Marine  
  54  4:41  Marine  
  47  4:55  Marine  
Tags
 
Add a new tag
Caveats
  • Supply blocks, unpowered buildings, or Contaminate may cause inaccurate times.
  • Supply counts are checked every 10 seconds.